 Dungeon Crawl Stone Soup version 0.21-a0-52-gbf49515 (webtiles) character file.

5918 xgamer67 the Grappler (level 10, 0/92 HPs)
             Began as a Troll Warper on June 13, 2017.
             Was a Priest of Qazlal.
             Slain by an unseen horror (3 damage)
             ... on level 11 of the Dungeon.
             The game lasted 00:22:12 (8560 turns).

xgamer67 the Grappler (Troll Warper)                Turns: 8560, Time: 00:22:13

Health: 0/92       AC:  8    Str: 21    XL:     10   Next: 53%
Magic:  12/12      EV:  8    Int: 12    God:    Qazlal [***...]
Gold:   508        SH: 12    Dex:  9    Spells: 3/13 levels left

rFire    . . .     SeeInvis .     - Unarmed
rCold    . . .     Gourm    +   N - +0 shield
rNeg     . . .     Faith    .   a - +0 robe
rPois    .         Spirit   .   (helmet restricted)
rElec    .         Reflect  .   G - +2 cloak
rCorr    .         Harm     .   (gloves unavailable)
MR       .....                  (boots unavailable)
Stlth    +.........             (no amulet)
Regen    0.7/turn               I - ring of flight
MPRegen  0.2/turn               (no ring)

@: no status effects
A: unfitting armour, claws 3, fast metabolism 3, gourmand, regeneration 1,
shaggy fur 1, tough skin 2
a: Upheaval, Elemental Force, Renounce Religion, Evoke Flight


You were on level 11 of the Dungeon.
You worshipped Qazlal.
Qazlal was most pleased with you.
You were not hungry.

You visited 2 branches of the dungeon, and saw 12 of its levels.
You also visited: Sewer.

You collected 508 gold pieces.

Inventory:

Hand Weapons
 b - a +0 blowgun
Missiles
 d - 5 tomahawks of dispersal (quivered)
 e - 247 stones
 i - 29 poisoned needles
Armour
 a - a +0 robe (worn)
 G - a +2 cloak (worn)
 N - a +0 shield (worn)
Jewellery
 I - a ring of flight (left claw)
Wands
 u - a wand of random effects (35/48)
 C - a wand of confusion (14/48)
 E - a wand of paralysis (12/24)
 H - a wand of acid (10/15)
 J - a wand of digging (13/24)
 K - a wand of disintegration (3/24)
 M - a wand of lightning (10/15)
 Q - a wand of flame (30/48)
Scrolls
 c - a scroll of blinking
 g - a scroll of enchant armour
 j - 7 scrolls of teleportation
 n - a scroll of magic mapping
 y - a scroll of random uselessness {unknown}
 B - a scroll of fear {unknown}
 D - a scroll of recharging {unknown}
 P - a scroll of amnesia {unknown}
Potions
 k - a potion of flight
 o - 3 potions of brilliance
 p - 3 potions of might
 r - 5 potions of curing
 x - a potion of berserk rage
 z - 4 potions of haste
 A - a potion of magic
 F - 3 potions of mutation
 L - 2 potions of heal wounds
 S - 2 potions of ambrosia
Books
 v - a book of Spatial Translocations

   Spells                             Type                      Level
   a - Blink                          Translocation                2
   b - Shroud of Golubria             Charms/Translocation         2
   c - Lesser Beckoning               Translocation                3
   d - Gell's Gravitas                Translocation                3
   e - Teleport Other                 Translocation                3
   f - Passage of Golubria            Translocation                4
 R - a book of Clouds

   Spells                             Type                      Level
   a - Poisonous Vapours              Poison/Air                   2
   b - Mephitic Cloud                 Conjuration/Poison/Air       3
   c - Conjure Flame                  Conjuration/Fire             3
   d - Freezing Cloud                 Conjuration/Ice/Air          6
   e - Ring of Flames                 Charms/Fire                  7
 U - a book of Necromancy

   Spells                             Type                      Level
   a - Pain                           Necromancy                   1
   b - Animate Skeleton               Necromancy                   1
   c - Vampiric Draining              Necromancy                   3
   d - Regeneration                   Charms/Necromancy            3
   e - Animate Dead                   Necromancy                   4
   f - Control Undead                 Necromancy                   4
Comestibles
 f - 14 bread rations
 h - 2 fruits
 m - 2 meat rations
 q - 3 royal jellies


   Skills:
 - Level 4.0 Fighting
 - Level 0.8 Throwing
 - Level 2.0 Dodging
 + Level 4.3 Shields
 * Level 12.6 Unarmed Combat
 - Level 2.0 Spellcasting
 - Level 2.0 Charms
 - Level 4.0 Translocations


You had 3 spell levels left.
You knew the following spells:

 Your Spells              Type           Power        Failure   Level  Hunger
a - Lesser Beckoning      Tloc           ##........   38%         3    ####...
b - Teleport Other        Tloc           ##......     38%         3    ####...
e - Shroud of Golubria    Chrm/Tloc      #.........   32%         2    ###....
B - Blink                 Tloc           N/A          22%         2    ###....


Dungeon Overview and Level Annotations

Branches:
Dungeon (11/15)            Temple (1/1) D:5            Lair (0/6) D:8
    Orc: D:9-12

Altars:
Ashenzari
Cheibriados
Dithmenos
Elyvilon
Fedhas
Gozag
Hepliaklqana
Kikubaaqudgha
Makhleb
Nemelex Xobeh
Okawaru
Qazlal
Ru
Sif Muna
Trog
Uskayaw
Vehumet
Wu Jian
Xom
Yredelemnul
Zin
The Shining One

Annotations:
D:9 nikopol's ghost, journeyman DECj


Innate Abilities, Weirdness & Mutations

You are too large for most types of armour.
You have claws for hands.
Your metabolism is lightning-fast.
You like to eat raw meat.
Your natural rate of healing is unusually fast.
You are covered in fur. (AC +1)
You have very tough skin. (AC +2)


Message History

Something hits you.
* * * LOW HITPOINT WARNING * * *
You block something's attack.
You scratch the hungry ghost.
You destroy the hungry ghost!
Qazlal accepts your kill.
You feel sick. Something hits you.
* * * LOW HITPOINT WARNING * * *
You claw something! Something hits you!
* * * LOW HITPOINT WARNING * * *
Okay, then.
Eating a chunk of flesh.
You eat the chunk of flesh.
This raw flesh tastes great.
You feel sick. Something hits you but does no damage.
You feel better. Something hits you.
* * * LOW HITPOINT WARNING * * *
Something hits you!
* * * LOW HITPOINT WARNING * * *
Something hits you.
You die...

*,,,,,,,,* #.># #...* *,
*,,,,,,,,* #..# #...# *.
*,,,...,,* #..# #...# *.
*,,,...,,* #..# #...# #.
*,,,....,* #..# #...# #.
*,,,<....* #..# #...# #.
*,,,.....#####..# #...####.
*,,,............####........
*,,,..)....@.ยง.........###..
*,,,...................# #..
*,,,......#####..####..# #..
*,,,.....>* #..# #..# #..
*,,,.....,* #..# #..# #..
*,,,###..,* #..# #..# #..
*,,,* #.,,* #..# #..# #..
*,,,* #.,,* #..# #..# #.(
*,,,* *,,,* #..# #..# #..


There were no monsters in sight!

Vanquished Creatures
  2 cyclopes (D:11)
  A spriggan (D:10)
  2 hungry ghosts
  2 water moccasins
  Duvessa (D:7)
  A porcupine (D:8)
  2 sky beasts
  4 orc warriors
  2 black bears (D:8)
  2 eyes of draining
  A phantom (D:9)
  4 ogres
  6 centaurs
  3 bullfrogs
  Dowan (D:7)
  2 gnoll sergeants
  6 scorpions
  5 killer bees (D:11)
  3 howler monkeys (D:9)
  3 jellies
  3 crimson imps
  2 bullfrog zombies
  3 bullfrog skeletons
  3 orc priests
  3 hounds
  5 orc wizards
  A gnoll shaman (D:6)
  5 iguanas
  Terence (D:2)
  Natasha (thrice) (D:3)
  5 worker ants
  A hound zombie (D:6)
  2 hound skeletons
  A worker ant zombie (D:6)
  15 gnolls
  13 adders
  3 shadow imps
  An ooze (D:5)
  An adder skeleton (D:6)
  3 worms
  A dart slug (D:4)
  6 leopard geckos
  25 orcs
  5 giant cockroaches
  6 goblins
  6 hobgoblins
  13 jackals
  16 kobolds
  3 quokkas
  6 ball pythons
  6 bats
  8 frilled lizards
  A jackal skeleton (D:4)
  A jackal zombie (D:5)
  A quokka zombie (D:6)
  11 rats
  2 plants (Sewer)
244 creatures vanquished.

Vanquished Creatures (others)
  An orc wizard (D:6)
1 creature vanquished.

Grand Total: 245 creatures vanquished

Notes
Turn   | Place    | Note
-------+----------+-------------------------------------------
     0 | D:1      | xgamer67 the Troll Warper began the quest for the Orb.
     0 | D:1      | Reached XP level 1. HP: 19/19 MP: 1/1
   298 | D:1      | Reached XP level 2. HP: 27/27 MP: 2/2
   425 | D:1      | Reached skill level 3 in Unarmed Combat
   430 | D:1      | Learned a level 2 spell: Blink
   917 | D:2      | Reached XP level 3. HP: 30/33 MP: 3/3
  1123 | D:2      | Reached skill level 4 in Unarmed Combat
  1128 | D:2      | Learned a level 2 spell: Shroud of Golubria
  1153 | D:2      | Found a radiant altar of Vehumet.
  1159 | D:2      | Found a burning altar of Makhleb.
  1241 | D:2      | Noticed Terence
  1251 | D:2      | Killed Terence
  1251 | D:2      | Reached XP level 4. HP: 41/41 MP: 4/4
  1296 | D:2      | Found a deep blue altar of Sif Muna.
  1301 | D:2      | Found a shadowy altar of Dithmenos.
  1302 | D:2      | Found a hazy altar of Hepliaklqana.
  1303 | D:2      | Found a sparkling altar of Nemelex Xobeh.
  1304 | D:2      | Found an opulent altar of Gozag.
  1419 | D:2      | Found a blossoming altar of Fedhas.
  1789 | D:3      | Reached skill level 5 in Unarmed Combat
  1809 | D:3      | Noticed Natasha
  1814 | D:3      | Killed Natasha
  1814 | D:3      | Reached XP level 5. HP: 48/48 MP: 5/5
  1825 | D:3      | Noticed Natasha
  1834 | D:3      | Killed Natasha
  1994 | D:3      | Reached skill level 6 in Unarmed Combat
  2283 | D:3      | Found a shimmering altar of Xom.
  2285 | D:3      | Found a shimmering altar of Xom.
  2297 | D:3      | Found a shimmering altar of Xom.
  2299 | D:3      | Found a shimmering altar of Xom.
  2349 | D:3      | Found a faded altar of an unknown god.
  2566 | D:3      | Noticed Natasha
  2585 | D:3      | Killed Natasha
  2585 | D:3      | Reached XP level 6. HP: 18/55 MP: 6/6
  2988 | D:4      | Learned a level 3 spell: Teleport Other
  3047 | D:4      | Found a glowing drain.
  3052 | Sewer    | Entered a sewer
  3827 | D:4      | Reached skill level 7 in Unarmed Combat
  3970 | D:4      | Found a shattered altar of Ashenzari.
  4062 | D:5      | Entered Level 5 of the Dungeon
  4067 | D:5      | Reached XP level 7. HP: 59/62 MP: 8/8
  4113 | D:5      | Reached skill level 1 in Charms
  4504 | D:5      | Found a staircase to the Ecumenical Temple.
  4521 | Temple   | Entered the Ecumenical Temple
  4553 | Temple   | Became a worshipper of Qazlal Stormbringer
  4640 | D:5      | Learned a level 3 spell: Lesser Beckoning
  4910 | D:6      | Reached skill level 8 in Unarmed Combat
  4910 | D:6      | Reached XP level 8. HP: 65/70 MP: 0/10
  5350 | D:6      | Reached skill level 9 in Unarmed Combat
  6050 | D:7      | Reached * piety under Qazlal
  6249 | D:7      | Reached skill level 10 in Unarmed Combat
  6249 | D:7      | Reached XP level 9. HP: 83/83 MP: 11/11
  6304 | D:7      | Noticed Dowan
  6305 | D:7      | Noticed Duvessa
  6311 | D:7      | Killed Duvessa
  6315 | D:7      | Killed Dowan
  7088 | D:8      | Reached skill level 1 in Shields
  7188 | D:8      | Reached ** piety under Qazlal
  7315 | D:8      | Reached skill level 11 in Unarmed Combat
  7610 | D:8      | Found a staircase to the Lair.
  7748 | D:9      | Noticed nikopol's ghost (journeyman DECj)
  7779 | D:10     | Entered Level 10 of the Dungeon
  7985 | D:10     | Reached XP level 10. HP: 74/92 MP: 12/12
  8139 | D:11     | Noticed a cyclops
  8147 | D:11     | Killed a cyclops
  8147 | D:11     | Reached skill level 12 in Unarmed Combat
  8243 | D:11     | Reached *** piety under Qazlal
  8413 | D:11     | Noticed a cyclops
  8431 | D:11     | Killed a cyclops
  8559 | D:11     | HP: 2/92 [something (10)]
  8560 | D:11     | Slain by an unseen horror

Vault maps used:
D:1:      elethiomel_arrival_infinity_welcomes_careful_drivers
D:2:      chequers_temple_overflow_statue_of_worship, fedhas_altar_4,
          minitemple, uniq_terence
D:3:      xom_redecorated, chequers_ecumenical_altar_simple,
          serial_bayou_pond_d, uniq_natasha
D:4:      kennysheep_little_box, portal_sewer_entry_e
D:5:      minmay_temple_entry_statues_pillars, first_bread
D:7:      uniq_duvessa
D:8:      grunt_lair_entry_orc_guard_hut
D:9:      uniq_psyche
D:10:     kennysheep_orc_monster_closet_entryway, the_bakery,
          nicolae_dithmenos_the_darkroom
Temple:   minmay_temple_bridge_abc
Sewer:    sewer_co_scattered_pipes

Skill      XL: |  1  2  3  4  5  6  7  8  9 10 |
---------------+-------------------------------+-----
Unarmed Combat | 3 4 5 6 7 8 10 11 12 | 12.6
Charms         | 2 |  2.0
Translocations | 3 4 |  4.0
Spellcasting   | 2 |  2.0
Dodging        | 2 |  2.0
Fighting       | 3 4 |  4.0
Shields        | 2 4 |  4.3
Throwing       | |  0.8

Action                   |  1- 3 |  4- 6 |  7- 9 | 10-12 || total
-------------------------+-------+-------+-------+-------++-------
Melee: Unarmed           |   103 |   251 |   364 |   111 ||   829
       Punch             |     1 |     5 |     7 |       ||    13
 Cast: Shroud of Golubri |     1 |       |       |       ||     1
       Teleport Other    |       |       |     2 |       ||     2
       Lesser Beckoning  |       |       |     1 |       ||     1
  Use: Scroll            |       |       |    12 |     5 ||    17
       Potion            |       |       |     5 |     2 ||     7
  Eat: Chunk             |    17 |    28 |    40 |     6 ||    91
Armor: Robe              |    31 |    63 |    81 |    34 ||   209
Dodge: Dodged            |    45 |    91 |   160 |    31 ||   327
Block: Shield            |       |       |    55 |    57 ||   112
       Other             |       |       |     1 |       ||     1
